 Dungeon Crawl Stone Soup version 0.27.1 (webtiles) character file.

Game seed: 8754480008923612323

39 Kala the Ruffian (level 3, -3/28 HPs)
             Began as a Draconian Transmuter on Sept 2, 2021.
             Was a Follower of Qazlal.
             Slain by Crazy Yiuf (7 damage)
             ... on level 2 of the Dungeon.
             The game lasted 00:05:04 (1022 turns).

Kala the Ruffian (Draconian Transmuter)             Turns: 1022, Time: 00:05:05

Health: -3/28      AC:  5    Str: 13    XL:     3   Next: 26%
Magic:  5/6        EV: 12    Int: 13    God:    Qazlal [*.....]
Gold:   53         SH:  2    Dex: 11    Spells: 3/6 levels left

rFire    . . .     SeeInvis .     - Unarmed
rCold    . . .     Faith    .   (no shield)
rNeg     . . .     Spirit   .   (armour unavailable)
rPois    .         Reflect  .   (helmet currently unavailable)
rElec    .         Harm     .   (no cloak)
rCorr    .         Rampage  .   (no gloves)
Will     .....                  (boots currently unavailable)
Stlth    +.........             (no amulet)
HPRegen  0.09/turn              (no ring)
MPRegen  0.10/turn              (no ring)

@: lethally poisoned (-3 -> -8), appendages (expiring)
A: horns 2, talons 2, AC +5, unfitting armour, cold-blooded
a: End Transformation, Renounce Religion


You were on level 2 of the Dungeon.
You worshipped Qazlal.
Qazlal was aware of your devotion.
You had temporarily grown beastly horns and talons.
You visited 1 branch of the dungeon, and saw 2 of its levels.

You collected 53 gold pieces.

Inventory:

Potions
 a - a potion of might {unknown}
 b - 2 potions of flight {unknown}
 c - a potion of cancellation {unknown}
 d - a potion of curing {unknown}


   Skills:
 * Level 1.3 Fighting
 * Level 2.1 Dodging
 * Level 3.8 Unarmed Combat
 + Level 2.1 Spellcasting
 * Level 2.1 Transmutations
 * Level 0.3 Ice Magic
 * Level 0.1 Invocations


You had 3 spell levels left.
You knew the following spells:

 Your Spells              Type           Power      Damage    Failure   Level
a - Beastly Appendage     Tmut           12%        N/A       11%         1
b - Wereblood             Tmut           6%         N/A       16%         2

Your spell library contained the following spells:

 Spells                   Type           Power      Damage    Failure   Level
 Static Discharge         Conj/Air       1%         N/A       36%         2
 Spider Form              Tmut/Pois      2%         N/A       43%         3
 Tukima's Dance           Hex            1%         N/A       58%         3
 Ice Form                 Ice/Tmut       4%         N/A       83%         4
 Dispel Undead            Necr           1%         3d6       94%         4
 Passage of Golubria      Tloc           N/A        N/A       94%         4
 Sticky Flame             Conj/Fire      1%         2d3       94%         4
 Yara's Violent Unravell  Hex/Tmut       2%         3d3       99%         5


Dungeon Overview and Level Annotations

Branches:
Dungeon (2/15)

Altars:
Qazlal

Annotations:
D:2 Crazy Yiuf


Innate Abilities, Weirdness & Mutations

You have temporarily grown beastly horns and talons.
Your plain brown scales are hard. (AC +5)
You cannot fit into any form of body armour.
You are cold-blooded and may be slowed by cold attacks.


Message History

You hit Crazy Yiuf. Your headbutt misses Crazy Yiuf.
Crazy Yiuf is moderately wounded.
Crazy Yiuf says, "Rot!
Cod bag pontify."
Crazy Yiuf hits you with a +4 quarterstaff of chaos!
Ouch! That really hurt!
Crazy Yiuf draws strength from your wounds!
You are too injured to fight recklessly!
You are too injured to fight recklessly!
You are too injured to fight recklessly!
You are too injured to fight recklessly!
You are too injured to fight recklessly!
You are too injured to fight recklessly!
You are too injured to fight recklessly!
You are too injured to fight recklessly!
You are too injured to fight recklessly!
You are too injured to fight recklessly!
You are too injured to fight recklessly!
You are too injured to fight recklessly!
You are too injured to fight recklessly!
You are too injured to fight recklessly!
You are too injured to fight recklessly!
You hit Crazy Yiuf.
Crazy Yiuf is heavily wounded.
Crazy Yiuf hits you with a +4 quarterstaff of chaos.
You are lethally poisoned!
You closely miss Crazy Yiuf. You claw Crazy Yiuf, but do no damage.
Crazy Yiuf is heavily wounded.
* * * LOW HITPOINT WARNING * * *
You feel sick. Crazy Yiuf barely misses you.
You barely miss Crazy Yiuf. You claw Crazy Yiuf.
Your headbutt misses Crazy Yiuf.
Crazy Yiuf is almost dead.
* * * LOW HITPOINT WARNING * * *
You feel sick.
You hit Crazy Yiuf but do no damage. Your headbutt misses Crazy Yiuf.
Crazy Yiuf is almost dead.
* * * LOW HITPOINT WARNING * * *
You feel sick.
Crazy Yiuf hits you with a +4 quarterstaff of chaos!
You die...

######♣♣ ###
#......♣♣ ♣♣#..)#
#.......♣♣♣♣@g...#
#.#......♣..♣#...#
#)##....♣.♣♣♣ ###
#.####♣♣♣♣♣ #.#
### #.# ..###.#
#.#...# #.#.###


You could see Crazy Yiuf.

Vanquished Creatures
  A dart slug (D:1)
  An endoplasm (D:1)
  3 giant cockroaches
  3 goblins (D:1)
  4 hobgoblins (D:1)
  6 jackals (D:1)
  2 quokkas (D:1)
  2 ball pythons (D:1)
  3 bats
  2 frilled lizards (D:1)
  3 kobolds
  A rat (D:1)
31 creatures vanquished.

Notes
Turn   | Place    | Note
-------+----------+-------------------------------------------
     0 | D:1      | Kala the Draconian Transmuter began the quest for the Orb.
     0 | D:1      | Reached XP level 1. HP: 16/16 MP: 3/3
    86 | D:1      | Reached XP level 2. HP: 19/23 MP: 5/5
   160 | D:1      | Found a faded altar of an unknown god.
   168 | D:1      | Became a worshipper of Qazlal Stormbringer
   168 | D:1      | Reached * piety under Qazlal
   526 | D:1      | Reached XP level 3. HP: 22/28 MP: 4/6
   912 | D:2      | Learned a level 2 spell: Wereblood
   966 | D:2      | Found a runed translucent door.
   967 | D:2      | Noticed Crazy Yiuf
  1022 | D:2      | Slain by Crazy Yiuf

Illustrated notes

Levels and vault maps discovered:
D:1:      minmay_arrival_solitary_statue, layout_basic,
          shapermc_ecumenical_altar_mp_ritualfount,
          chequers_serial_rivers_micro_e
D:2:      layout_loops_ring, basic_altar, kennysheep_flooded_box,
          minmay_small_reverse_x, uniq_crazy_yiuf_cottage

Skill      XL: |  1 |
---------------+----+-----
Dodging        | 2 |  2.1
Fighting       | |  1.3
Unarmed Combat | |  3.8
Spellcasting   | |  2.1
Transmutations | |  2.1
Ice Magic      | |  0.3
Invocations    | |  0.1

Action                   || total
-------------------------++-------
Melee: Unarmed           ||    89
       Kick              ||    15
       Tailslap          ||     5
       Headbutt          ||     4
 Cast: Beastly Appendage ||    15
  Use: Scroll            ||     1
Armor: Skin              ||    36
Dodge: Dodged            ||    70
Block: Other             ||     2
